 Dungeon Crawl Stone Soup version 0.24-a0-498-ge00f04a (webtiles) character file.

Game seed: 13359458084340704562

128 scottley the Ruffian (level 4, -3/44 HPs)
             Began as a Troll Monk on July 13, 2019.
             Slain by an orc
             ... wielding a +0 short sword
              (5 damage)
             ... on level 3 of the Dungeon.
             The game lasted 00:12:36 (2060 turns).

scottley the Ruffian (Troll Monk)                   Turns: 2060, Time: 00:12:37

Health: -3/44      AC:  6    Str: 19    XL:     4   Next: 86%
Magic:  3/3        EV: 11    Int:  7    God:
Gold:   174        SH:  0    Dex: 12    Spells: 3/3 levels left

rFire    . . .     SeeInvis .     - Unarmed
rCold    . . .     Gourm    +   (no shield)
rNeg     . . .     Faith    .   c - +0 robe
rPois    .         Spirit   .   (helmet restricted)
rElec    .         Reflect  .   (no cloak)
rCorr    .         Harm     .   (gloves unavailable)
MR       +....                  (boots unavailable)
Stlth    ++........             (no amulet)
HPRegen  0.54/turn              l - ring of protection from magic
MPRegen  0.08/turn              (no ring)

@: lethally poisoned (-3 -> -4)
A: large, unfitting armour, claws 3, fast metabolism 3, gourmand, regeneration
1, shaggy fur 1, tough skin 3
a: no special abilities


You were on level 3 of the Dungeon.
You were not hungry.

You visited 1 branch of the dungeon, and saw 3 of its levels.

You collected 174 gold pieces.

Inventory:

Hand Weapons
 a - a +0 hunting sling
Missiles
 h - 4 boomerangs (quivered)
 n - 27 sling bullets
Armour
 c - a +0 robe (worn)
Jewellery
 j - an uncursed amulet of harm
 l - a ring of protection from magic (left claw)
Scrolls
 e - 4 scrolls of remove curse
 g - a scroll of immolation {unknown}
 i - a scroll of enchant weapon {unknown}
 k - 2 scrolls of teleportation {unknown}
 m - 3 scrolls of identify
Potions
 d - a potion of degeneration {unknown}
 f - a potion of curing {unknown}
Comestibles
 b - 4 rations


   Skills:
 + Level 2.9 Fighting
 + Level 0.6 Throwing
 + Level 3.0 Dodging
 + Level 1.4 Stealth
 + Level 4.2 Unarmed Combat


You had 3 spell levels left.
You didn't know any spells.
Your spell library was empty.

Dungeon Overview and Level Annotations

Branches:
Dungeon (3/15)

Altars:


Innate Abilities, Weirdness & Mutations

You are too large for most types of armour.
You have claws for hands.
Your metabolism is lightning-fast.
You like to eat raw meat.
Your natural rate of healing is unusually fast.
You are covered in fur. (AC +1)
You have extremely tough skin. (AC +3)


Message History

You claw the orc wizard!
You kill the orc wizard!
Your Dodging skill increases to level 3!
* * * LOW HITPOINT WARNING * * *
You feel sick. The orc closely misses you. x2
You feel sick. The orc hits you but does no damage.
Things that are here:
a +0 dagger of venom; a +0 robe You feel sick.
You feel sick.
You closely miss the orc.
* * * LOW HITPOINT WARNING * * *
You feel sick. The orc closely misses you. The orc hits you but does no damage.
You claw the orc!
You kill the orc!
The orc hits you but does no damage.
You scratch the orc.
The orc is heavily wounded.
You feel sick. The orc hits you with a +0 short sword.
You die...

#......# #.......
#....... #.......
#....... ########
#....... #......#
#######.#. #......#
#.........
#...@..#####.........
#...[o...............
####)................
#.................
#..........#######
#.[........#...# #
#..........#...# #
#..........#...# #
#..........#...#


You could see an orc.

Vanquished Creatures
  An orc wizard (D:3)
  3 adders
  A worm (D:2)
  A dart slug (D:3)
  5 leopard geckos
  3 orcs (D:3)
  7 bats
  3 giant cockroaches
  5 goblins
  9 hobgoblins
  8 kobolds
  A quokka (D:3)
  6 frilled lizards
  5 rats
58 creatures vanquished.

Notes
Turn   | Place    | Note
-------+----------+-------------------------------------------
     0 | D:1      | scottley the Troll Monk began the quest for the Orb.
     0 | D:1      | Reached XP level 1. HP: 22/22 MP: 0/0
   108 | D:1      | Reached XP level 2. HP: 29/29 MP: 1/1
   745 | D:2      | Reached XP level 3. HP: 35/36 MP: 2/2
  1528 | D:3      | Reached XP level 4. HP: 44/44 MP: 3/3
  1780 | D:3      | Reached skill level 4 in Unarmed Combat
  2058 | D:3      | HP: 2/44 [poisoned by an orc wizard]
  2060 | D:3      | Slain by an orc

Levels and vault maps discovered:
D:1:      psy_arrival_basics, layout_loops_ring
D:2:      layout_loops_cross, hangedman_glass_teeth, grunt_ministairs_8
D:3:      layout_basic

Skill      XL: |  1  2  3  4 |
---------------+-------------+-----
Unarmed Combat | 4 |  4.2
Dodging        | 3 |  3.0
Fighting       | |  2.9
Throwing       | |  0.6
Stealth        | |  1.4

Action                   |  1- 3 |  4- 6 || total
-------------------------+-------+-------++-------
Melee: Unarmed           |   108 |    44 ||   152
 Fire: Hunting sling     |       |     2 ||     2
Throw: Boomerang         |     9 |     1 ||    10
  Use: Scroll            |       |     4 ||     4
 Stab: Sleeping          |     3 |       ||     3
  Eat: Chunk             |    14 |     1 ||    15
       Ration            |       |     1 ||     1
Armor: Robe              |    45 |    20 ||    65
Dodge: Dodged            |    50 |    27 ||    77

Table legend:
 A = Non-vault XP
 B = Vault XP
 C = Vault XP percentage of total XP
 D = Non-vault monster count
 E = Vault monster count
 F = Vault count percentage of total count
                 A         B        C        D         E       F
            +---------+---------+-------+---------+---------+-------
      Total |     179 |       4 |   2.2 |      56 |       2 |   3.4
            +---------+---------+-------+---------+---------+-------
        D:1 |      27 |       0 |   0.0 |      17 |       0 |   0.0
        D:2 |      54 |       4 |   6.9 |      22 |       2 |   8.3
        D:3 |      98 |       0 |   0.0 |      17 |       0 |   0.0
            +---------+---------+-------+---------+---------+-------
